 Dungeon Crawl Stone Soup version 0.31.0-32-g396128a36d (webtiles) character file.

Game seed: 1045870097143890410

7 Alphaeus the Ruffian (level 1, -4/19 HPs)
             Began as a Troll Shapeshifter on Mar 19, 2024.
             Slain by a gnoll
             ... wielding a +0 flail
              (11 damage)
             ... on level 1 of the Dungeon.
             The game lasted 00:00:08 (84 turns).

Alphaeus the Ruffian (Troll Shapeshifter)             Turns: 84, Time: 00:00:09

Health: -4/19      AC:  4    Str: 21    XL:     1   Next: 91%
Magic:  0/0        EV:  9    Int:  6    God:
Gold:   0          SH:  0    Dex:  9    Spells: 0/0 levels left

rFire   . .          .
                       - Unarmed
rCold   . . .        (no shield)
rNeg    . . .        a - +0 animal skin
rPois   .            (helmet currently unavailable)
rElec   .            (cloak currently unavailable)
rCorr   .            (gloves unavailable)
SInv    .            (boots unavailable)
Will    .....        (no amulet)
Stlth   +            (no ring)
HPRegen 1.03/turn    (no ring)
MPRegen 0.07/turn

%: no passive effects
@: beast-form
A: beast (slay +1), large, unfitting armour, claws 3, regeneration 1, shaggy fur
1, tough skin 1
a: Begin Untransformation


You were on level 1 of the Dungeon.
You were a hulking beast.
You visited 1 branch of the dungeon, and saw 1 of its levels.

Inventory:

Armour
 a - a +0 animal skin (worn)
Talismans
 c - a beast talisman
 d - a flux talisman
Potions
 b - a potion of lignification
 e - a potion of curing {unknown}


   Skills:
 + Level 1.0 Fighting
 - Level 1.5 Dodging
 * Level 3.2 Unarmed Combat
 * Level 3.1 Shapeshifting


You couldn't memorise any spells.
You didn't know any spells.
Your spell library was empty.

Dungeon Overview and Level Annotations

Branches:
Dungeon (1/15)

Altars:


Innate Abilities, Weirdness & Mutations

You are a hulking beast.
Your limbs bulge with bestial killing power. (Slay +1)
You are too large for most types of armour.
You have claws for hands.
Your natural rate of healing is unusually fast.
You are covered in fur. (AC +1)
You have tough skin. (AC +1)


Message History

The goblin hits you with a +0 club.
There are monsters nearby!
You closely miss the goblin. The goblin hits you with a +0 club.
There are monsters nearby!
You barely miss the goblin. The goblin hits you with a +0 club.
There are monsters nearby!
You barely miss the goblin. The goblin hits you with a +0 club.
There are monsters nearby!
You miss the goblin. The goblin barely misses you.
A quokka comes into view.
There are monsters nearby!
You closely miss the goblin. Your claw misses the goblin.
The goblin closely misses you.
There are monsters nearby!
You barely miss the goblin.
A gnoll comes into view. It is wielding a +0 flail.
The goblin hits you with a +0 club.
The gnoll shouts!
You claw the goblin!
You kill the goblin!
There are monsters nearby!
You scratch the hobgoblin.
You kill the hobgoblin!
Your Fighting skill increases to level 1!
Things that are here:
a +0 club; a goblin corpse The gnoll hits you with a +0 flail!
There are monsters nearby!
You are too injured to fight recklessly!
There are monsters nearby!
You are too injured to fight recklessly!
There are monsters nearby!
You are too injured to fight recklessly!
There are monsters nearby!
You are too injured to fight recklessly!
You scratch the gnoll.
The gnoll is heavily wounded.
The gnoll hits you with a +0 flail!
Ouch! That really hurt!
You die...

...... ..... #....
#.... #.... #...r .#
#.g## .## #.h#### ...#
##.)..### ....#
##########...####.....
#.....# ###..........
#.....########..#.....
#.....................
#...............#...#.
#...............# ....
#...............# ##.


You could see a gnoll and a quokka.

Vanquished Creatures
  A giant cockroach (D:1)
  A goblin (D:1)
  2 hobgoblins (D:1)
  A ball python (D:1)
  A bat (D:1)
  A rat (D:1)
7 creatures vanquished.

Notes
Turn   | Place    | Note
-------+----------+-------------------------------------------
     0 | D:1      | Alphaeus the Troll Shapeshifter began the quest for the
                  | Orb.
     0 | D:1      | Reached XP level 1. HP: 18/18 MP: 0/0
    82 | D:1      | Reached skill level 1 in Fighting
    84 | D:1      | Slain by a gnoll

Illustrated notes

Levels and vault maps discovered:
D:1:      dpeg_arrival_rooms_c, layout_basic, minivault_4

Skill      XL: |  1 |
---------------+----+-----
Fighting       | 1 |  1.0
Dodging        | |  1.5
Unarmed Combat | |  3.2
Shapeshifting  | |  3.1

Action                     || total
---------------------------++-------
  Melee: Unarmed           ||    15
 Armour: Animal skin       ||     9
  Dodge: Dodged            ||     4
